 Dungeon Crawl Stone Soup version 0.20-a0-433-g9e36e56 (webtiles) character file.

11346 Amnesiac the Jinx (level 11, -15/89 HPs)
             Began as a Mummy Enchanter on Jan 4, 2017.
             Was an Initiate of Gozag.
             Demolished by a minotaur skeleton (27 damage)
             ... in a labyrinth.
             The game lasted 00:37:42 (16411 turns).

Amnesiac the Jinx (Mummy Enchanter)                Turns: 16411, Time: 00:37:44

Health: -15/89     AC:  7    Str: 11    XL:     11   Next: 48%
Magic:  19/20      EV: 18    Int: 16    God:    Gozag
Gold:   98         SH:  0    Dex: 15    Spells: 13/22 levels left

rFire  + + .     SeeInvis .     K - +7 great mace "Firestarter" {inner flame, rF++}
rCold  . . .     Gourm    .     r - +2 animal skin
rNeg   + + +     Faith    .     (shield currently unavailable)
rPois  ∞         Spirit   .     s - +0 helmet
rElec  .         Reflect  .     B - +0 cloak {MR+}
rCorr  .         Harm     .     (no gloves)
MR     ++...                    (no boots)
Stlth  +++.......               x - amulet of magic regeneration
                                D - +1 ring of protection
                                i - ring of fire

@: no status effects
A: no food or potions, fire vulnerability, cold resistance 1, negative energy
resistance 3, torment resistance, unbreathing
a: Potion Petition, Call Merchant, Bribe Branch, Renounce Religion


You were in a labyrinth.
You worshipped Gozag.
Gozag was noncommittal.
You were not hungry.

You visited 2 branches of the dungeon, and saw 11 of its levels.
You also visited: Labyrinth and Bailey.

You collected 2982 gold pieces.
You spent 2278 gold pieces at shops.
You paid 606 gold pieces to Gozag.

Inventory:

Hand Weapons
 K - the +7 great mace "Firestarter" (weapon) {inner flame, rF++}
   (You bought it in a shop on level 7 of the Dungeon)

   It has been specially enchanted to burn those struck by it, causing extra
   injury to most foes and up to half again as much damage against particularly
   susceptible opponents.
   It greatly protects you from fire.
Missiles
 q - 2 throwing nets
 E - 35 tomahawks of returning (quivered)
Armour
 r - a +2 animal skin (worn)
 s - a +0 helmet (worn)
 t - a +1 cloak
 B - a +0 cloak of magic resistance (worn)
 G - the cursed +0 chain mail of Wonder {*Drain rPois MR+ Regen+, unknown}
   (You found it on level 9 of the Dungeon)

   It protects you from poison.
   It affects your resistance to hostile enchantments.
   It increases your rate of regeneration.
   It causes draining when unequipped.
   It has a curse placed upon it.
Jewellery
 i - a ring of fire (left hand)
 x - an amulet of magic regeneration (around neck)
 y - an uncursed ring of fire
 z - an uncursed amulet of regeneration
 D - a +1 ring of protection (right hand)
Wands
 f - a wand of iceblast (6/15)
 n - a wand of polymorph (13/24)
 o - a wand of confusion (23/48)
 A - a wand of random effects (34/48)
 H - a wand of acid (5/15)
Scrolls
 a - a scroll of noise {unknown}
 b - 2 scrolls of enchant weapon
 d - 2 scrolls of blinking {unknown}
 e - 8 scrolls of remove curse
 g - 3 scrolls of identify {unknown}
 h - 3 scrolls of teleportation
 j - 2 scrolls of recharging {unknown}
 k - 2 scrolls of amnesia
 m - 2 scrolls of enchant armour {unknown}
 p - 4 scrolls of immolation
 v - a scroll of vulnerability {unknown}
Books
 c - a book of Maledictions

   Spells                             Type                      Level
   a - Corona                         Hexes                        1
   b - Ensorcelled Hibernation        Hexes/Ice                    2
   c - Confuse                        Hexes                        3
   d - Tukima's Dance                 Hexes                        3
   e - Dazzling Spray                 Conjuration/Hexes            3
 l - a book of Flames

   Spells                             Type                      Level
   a - Flame Tongue                   Conjuration/Fire             1
   b - Throw Flame                    Conjuration/Fire             2
   c - Conjure Flame                  Conjuration/Fire             3
   d - Inner Flame                    Hexes/Fire                   3
   e - Sticky Flame                   Conjuration/Fire             4
   f - Fireball                       Conjuration/Fire             5
 u - a book of Battle

   Spells                             Type                      Level
   a - Infusion                       Charms                       1
   b - Shroud of Golubria             Charms/Translocation         2
   c - Song of Slaying                Charms                       2
   d - Spectral Weapon                Hexes/Charms                 3
   e - Regeneration                   Charms/Necromancy            3
 F - a book of Ice

   Spells                             Type                      Level
   a - Ice Form                       Ice/Transmutation            4
   b - Metabolic Englaciation         Hexes/Ice                    5
   c - Ozocubu's Refrigeration        Ice                          6
   d - Bolt of Cold                   Conjuration/Ice              6
   e - Freezing Cloud                 Conjuration/Ice/Air          6
   f - Simulacrum                     Ice/Necromancy               6
 I - a book of Debilitation

   Spells                             Type                      Level
   a - Corona                         Hexes                        1
   b - Slow                           Hexes                        2
   c - Gell's Gravitas                Hexes/Translocation          3
   d - Inner Flame                    Hexes/Fire                   3
   e - Cause Fear                     Hexes                        4
   f - Leda's Liquefaction            Hexes/Earth                  4


   Skills:
 - Level 9.0 Fighting
   Level 0.7 Short Blades
 + Level 4.3 Maces & Flails
 - Level 9.0 Dodging
 - Level 4.0 Stealth
 - Level 6.1 Spellcasting
 - Level 9.0 Hexes


You had 13 spell levels left.
You knew the following spells:

 Your Spells              Type           Power        Failure   Level  Hunger
a - Dazzling Spray        Conj/Hex       ###...       8%          3    N/A
e - Confuse               Hex            ####....     1%          3    N/A
w - Tukima's Dance        Hex            ####....     1%          3    N/A

Dungeon Overview and Level Annotations

Branches:
Dungeon (10/15)            Temple (0/1) D:5            Lair (1/6) D:9
    Orc (0/2) D:9

Altars:
Dithmenos
Elyvilon
Gozag
Kikubaaqudgha
Nemelex Xobeh
Sif Muna
Trog
Beogh

Shops:
D:3 *   D:7 (

Annotations:
D:8 RogueShenanigans's ghost, novice CeHu
D:10 Fannar


Innate Abilities, Weirdness & Mutations

You do not eat or drink.
Your flesh is vulnerable to fire.
You are immune to poison.
Your flesh is cold resistant. (rC+)
You are immune to negative energy. (rN+++)
You are immune to unholy pain and torment.
You can survive without breathing.


Message History

The minotaur skeleton is heavily damaged.
The minotaur skeleton hits you but does no damage.
The minotaur skeleton barely misses you.
You sock the minotaur skeleton! You burn the minotaur skeleton.
The minotaur skeleton is severely damaged.
The minotaur skeleton's inner flame fades away.
You sock the minotaur skeleton! You burn the minotaur skeleton.
The minotaur skeleton is filled with an inner flame.
The minotaur skeleton is severely damaged.
The minotaur skeleton hits you!! The minotaur skeleton gores you!
* * * LOW HITPOINT WARNING * * *
You sock the minotaur skeleton! You burn the minotaur skeleton.
The minotaur skeleton is almost destroyed.
The minotaur skeleton's inner flame fades away.
The minotaur skeleton completely misses you.
The minotaur skeleton gores you.
* * * LOW HITPOINT WARNING * * *
The minotaur skeleton hits you!!
You die...
Your body crumbles into a pile of gold.

.. #. ###.#
# #####
#... ..
#...
#.8.).8##.#
#. ...# #.
l$.8##.#
#...8.. #.#
## # ###.#
# #.@Z#
#.#.# #. .#
##. ##
#.....# #
#####. #.
.# ### ##
##### #.###
. ... ....
. #


You could see a minotaur skeleton (confused).

Vanquished Creatures
  A two-headed ogre (D:8)
  2 orc knights (Bailey)
  Pikel (D:4)
  A komodo dragon (D:9)
  A troll (D:10)
  A hornet (D:7)
  Grinder (D:4)
  Prince Ribbit (D:5)
  2 hippogriffs
  6 yaks (D:9)
  2 dancing weapons
  Menkaure (D:6)
  10 orc warriors
  2 slaves (D:4)
  2 sky beasts
  3 ice beasts
  A black bear (D:8)
  5 phantoms
  2 ogres
  7 centaurs
  Blork the orc (D:5)
  A big kobold (D:9)
  5 bullfrogs
  A wyvern skeleton (D:8)
  5 scorpions
  2 water moccasin skeletons
  5 killer bees (D:7)
  5 wights
  4 howler monkeys
  2 electric eels (D:10)
  3 bullfrog zombies
  5 crimson imps
  3 centaur zombies
  2 hounds
  A quasit (D:10)
  Crazy Yiuf (D:4)
  3 jellies
  6 orc priests
  10 orc wizards
  3 bullfrog skeletons
  2 centaur skeletons
  Jessica (D:2)
  An iguana (D:9)
  9 worker ants
  A killer bee zombie (D:6)
  2 hound zombies
  Robin (D:4)
  5 gnolls
  13 adders
  A shadow imp (D:6)
  An adder skeleton (D:7)
  2 adder zombies
  3 worms
  3 dart slugs
  6 leopard geckos
  42 orcs
  3 giant cockroaches
  12 goblins
  15 hobgoblins
  4 jackals (D:4)
  3 quokkas
  4 ball pythons
  4 bats
  3 frilled lizards (D:1)
  2 jackal zombies
  24 kobolds
  A leopard gecko skeleton (D:5)
  A quokka zombie (D:9)
  6 rats
  A plant (D:2)
296 creatures vanquished.

Vanquished Creatures (collateral kills)
  3 two-headed ogres
  Sigmund (D:4)
  2 orc warriors (D:8)
  4 ogres
  An iguana (D:4)
  3 orcs
14 creatures vanquished.

Vanquished Creatures (others)
  3 dancing weapons
  An ogre (D:9)
  A worm (D:4)
  4 plants (D:9)
9 creatures vanquished.

Grand Total: 319 creatures vanquished

Notes
Turn   | Place    | Note
-------+----------+-------------------------------------------
     0 | D:1      | Amnesiac the Mummy Enchanter began the quest for the Orb.
     0 | D:1      | Reached XP level 1. HP: 13/13 MP: 4/4
   125 | D:2      | Found a sparkling altar of Nemelex Xobeh.
   125 | D:2      | Noticed Jessica
   134 | D:2      | Killed Jessica
   134 | D:2      | Reached XP level 2. HP: 10/19 MP: 4/6
   293 | D:2      | Reached XP level 3. HP: 24/24 MP: 7/7
   298 | D:2      | Learned a level 3 spell: Confuse
   302 | D:2      | Learned a level 3 spell: Tukima's Dance
   464 | D:3      | Found an opulent altar of Gozag.
   466 | D:3      | Found Gozag's Platinum Reserve.
   738 | D:3      | Became a worshipper of Gozag Ym Sagoz the Greedy
  1282 | D:2      | Reached XP level 4. HP: 22/30 MP: 5/9
  1815 | D:3      | Found a bloodstained altar of Trog.
  2098 | D:2      | Reached XP level 5. HP: 29/35 MP: 11/11
  2306 | D:2      | Found a white marble altar of Elyvilon.
  3048 | D:4      | Noticed a phantom
  3485 | D:4      | Noticed Grinder
  3509 | D:4      | Reached skill level 5 in Hexes
  3523 | D:4      | Killed Grinder
  3523 | D:4      | Reached XP level 6. HP: 35/41 MP: 6/12
  3576 | D:4      | Noticed Sigmund
  3594 | D:4      | Killed Sigmund
  3764 | D:4      | Found a deep blue altar of Sif Muna.
  3770 | D:4      | Reached XP level 7. HP: 35/46 MP: 13/13
  3833 | D:4      | Noticed Robin
  3839 | D:4      | Killed Robin
  4285 | D:4      | Found a runed door.
  4571 | D:4      | Noticed Pikel
  4595 | D:4      | Killed Pikel
  4595 | D:4      | Reached XP level 8. HP: 46/52 MP: 8/14
  4903 | D:4      | Found a shadowy altar of Dithmenos.
  5006 | D:4      | Noticed Crazy Yiuf
  5012 | D:4      | Killed Crazy Yiuf
  5106 | D:4      | Reached skill level 5 in Spellcasting
  5215 | D:5      | Entered Level 5 of the Dungeon
  5576 | D:5      | Found a staircase to the Ecumenical Temple.
  5791 | D:5      | Noticed Prince Ribbit
  5816 | D:5      | Killed Prince Ribbit
  6006 | D:5      | Noticed Blork the orc
  6018 | D:5      | Killed Blork the orc
  6018 | D:5      | Reached XP level 9. HP: 57/57 MP: 15/18
  6734 | D:6      | Noticed Menkaure
  6750 | D:6      | Killed Menkaure
  6759 | D:6      | Learned a level 3 spell: Dazzling Spray
  6772 | D:6      | Reached skill level 5 in Dodging
  8679 | D:8      | Reached XP level 10. HP: 22/63 MP: 17/19
  8897 | D:8      | You fall through a shaft for 2 floors!
  8897 | D:10     | Entered Level 10 of the Dungeon
  9026 | D:10     | Noticed a gargoyle
  9040 | D:10     | Noticed a manticore
  9082 | D:10     | Found a flagged portal.
  9099 | Bailey   | Entered a bailey
  9106 | Bailey   | Noticed an orc knight
  9120 | Bailey   | Noticed an orc knight
  9152 | Bailey   | Killed an orc knight
  9463 | Bailey   | Killed an orc knight
  9852 | D:9      | Got an ichor-stained chain mail
  9891 | D:8      | Noticed a two-headed ogre
  9988 | D:8      | Noticed RogueShenanigans's ghost (novice CeHu)
 10018 | D:8      | Killed a two-headed ogre
 10176 | D:9      | Noticed a two-headed ogre
 10189 | D:9      | Killed a two-headed ogre
 10189 | D:9      | Reached skill level 5 in Fighting
 10218 | D:9      | Noticed a two-headed ogre
 10235 | D:9      | Killed a two-headed ogre
 10415 | D:9      | Found a staircase to the Orcish Mines.
 10475 | D:9      | Found a roughly hewn altar of Beogh.
 10656 | D:9      | Found an ancient bone altar of Kikubaaqudgha.
 10821 | D:9      | Found a staircase to the Lair.
 10925 | D:9      | Found a sparkling altar of Nemelex Xobeh.
 11454 | D:9      | Reached XP level 11. HP: 82/86 MP: 14/20
 11766 | D:8      | Noticed a two-headed ogre
 11779 | D:8      | Killed a two-headed ogre
 12130 | D:8      | HP: 4/87 [RogueShenanigans's ghost (1)]
 13477 | D:8      | Reached skill level 1 in Maces & Flails
 15194 | D:10     | Noticed Fannar
 15294 | D:7      | Bought the +7 great mace "Firestarter" {inner flame, rF++} for 2278 gold pieces
 16315 | Lair:1   | Entered Level 1 of the Lair of Beasts
 16316 | Lair:1   | Found a labyrinth entrance.
 16334 | Lab      | Entered a labyrinth
 16411 | Lab      | Demolished by a minotaur skeleton

Vault maps used:
D:1:      dpeg_arrival_shelter, columned_hall_lemuel
D:2:      nicolae_overflow_crystal_walls, serial_bayou_lagoon_a,
          nemelex_lonely_heart_becter
D:3:      lemuel_coloured_pillars_altar, first_bread,
          nicolae_gozag_zags_fifth_avenue
D:4:      overflow_temple_1_default, nicolae_dithmenos_through_a_glass_darkly,
          uniq_pikel, uniq_grinder, uniq_robin, uniq_crazy_yiuf_cottage,
          uniq_sigmund
D:5:      uniq_blork_the_orc, uniq_prince_ribbit1
D:6:      uniq_menkaure
D:8:      grunt_ogre_cave
D:9:      kennysheep_little_box, david_lair_shrubbed,
          minmay_orc_entry_temple_small, basic_altar
D:10:     enter_bailey_3, kennysheep_cross_room, uniq_fannar
Lair:1:   lab_entry_generic
Lab:      labyrinth_watery, nicolae_lab_dead_end, nicolae_lab_hexagon,
          nicolae_lab_diamond, labyrinth_lava_lair, labyrinth_skeletal_remains,
          nicolae_lab_big_swirl, nicolae_lab_stuck
Bailey:   bailey_axe_4, bailey

Skill      XL: |  1  2  3  4  5  6  7  8  9 10 11 |
---------------+----------------------------------+-----
Spellcasting   | 3 4 6 |  6.1
Hexes          | 3 4 6 8 9 |  9.0
Stealth        | 4 |  4.0
Dodging        | 3 8 9 |  9.0
Fighting       | 7 9 |  9.0
Maces & Flails | 4 |  4.3
Short Blades   | |  0.7

Action                   |  1- 3 |  4- 6 |  7- 9 | 10-12 || total
-------------------------+-------+-------+-------+-------++-------
Melee: Mace              |    65 |   159 |   330 |    42 ||   596
       Dagger            |     1 |     1 |       |       ||     2
       Quarterstaff      |       |    41 |   148 |       ||   189
       Long sword        |       |       |    22 |   659 ||   681
       Great mace        |       |       |       |    35 ||    35
Throw: Tomahawk          |       |       |       |    10 ||    10
 Cast: Corona            |     2 |       |       |       ||     2
       Confuse           |     2 |    25 |    52 |   177 ||   256
       Tukima's Dance    |       |     2 |     6 |    16 ||    24
       Dazzling Spray    |       |       |    13 |    13 ||    26
Invok: Potion Petition   |       |       |       |     1 ||     1
       Call Merchant     |       |       |       |     1 ||     1
  Use: Scroll            |     1 |     2 |       |     3 ||     6
 Stab: Confused          |     1 |       |    26 |    77 ||   104
       Sleeping          |       |     2 |     5 |     1 ||     8
       Distracted        |       |     1 |     2 |     2 ||     5
Armor: Robe              |     7 |    39 |     4 |       ||    50
       Ring mail         |    19 |       |       |       ||    19
       Animal skin       |       |       |   106 |   180 ||   286
Dodge: Dodged            |    34 |    92 |   370 |   671 ||  1167
       Rpst.: Long sword |       |       |     9 |   182 ||   191
